 Dungeon Crawl Stone Soup version 0.27.1-1-g398f81649c (webtiles) character file.

Game seed: 14533958999479569791

618 Borgoz the Skirmisher (level 7, -2/44 HPs)
             Began as a Gargoyle Berserker on Sept 19, 2021.
             Was a Believer of Trog.
             Slain by a mummy (12 damage)
             ... in an ossuary.
             The game lasted 00:03:58 (3432 turns).

Borgoz the Skirmisher (Gargoyle Berserker)          Turns: 3432, Time: 00:03:58

Health: -2/44      AC: 10    Str: 20    XL:     7   Next: 45%
Magic:  7/7        EV: 11    Int:  8    God:    Trog [**....]
Gold:   94         SH:  0    Dex: 11    Spells: 6/6 levels left

rFire    . . .     SeeInvis .   a - +0 mace
rCold    . . .     Faith    .   (no shield)
rNeg     + . .     Spirit   .   f - +0 ring mail
rPois    ∞         Reflect  .   (no helmet)
rElec    +         Harm     .   (no cloak)
rCorr    .         Rampage  .   (no gloves)
Will     .....                  (no boots)
Stlth    +.........             (no amulet)
HPRegen  0.14/turn              (no ring)
MPRegen  0.10/turn              (no ring)

@: no status effects
A: sickness immunity, AC +4, negative energy resistance 1, electricity
resistance, torment resistance 1, petrification resistance
a: Renounce Religion, Berserk, Trog's Hand


You were in an ossuary.
You worshipped Trog.
Trog was pleased with you.
You visited 1 branch of the dungeon, and saw 4 of its levels.
You also visited: Ossuary.

You collected 94 gold pieces.

Inventory:

Hand Weapons
 a - a +0 mace (weapon)
Armour
 f - a +0 ring mail (worn)
Wands
 m - a wand of flame (10)
Potions
 b - a potion of curing {unknown}
 c - a potion of invisibility {unknown}
 d - 2 potions of lignification {unknown}
 e - a potion of haste {unknown}
 g - a potion of might {unknown}
 h - a potion of resistance {unknown}
 j - 2 potions of mutation {unknown}
 k - a potion of berserk rage {unknown}


   Skills:
 * Level 5.6 Fighting
 * Level 5.1 Maces & Flails
 * Level 5.0 Armour
 + Level 2.9 Dodging


You had 6 spell levels left.
You didn't know any spells.
Your spell library was empty.

Dungeon Overview and Level Annotations

Branches:
Dungeon (4/15)             Temple (0/1) D:4         Ossuary (1/1)

Altars:


Innate Abilities, Weirdness & Mutations

You are immune to sickness and miasma.
Your stone body is resilient. (AC +4)
You are immune to poison.
You resist negative energy. (rN+)
You are resistant to electric shocks. (rElec)
You are resistant to unholy torment.
You are immune to petrification.


Message History

An orc comes into view. It is wielding a +0 flail.
No target in view!
An orc wizard comes into view. It is wielding a +0 dagger.
Found a sand-covered staircase.
There is an open door here.
There is a sand-covered staircase here.
The world spins around you as you enter the gateway.
You enter an ossuary!
Found a gate leading back out of this place.
There is an empty arch of ancient stone here.
Aiming: Throw Flame
Press: ? - help, Shift-Dir - straight line, f - mummy
Aim: a mummy (85% to hit)
The puff of flame hits the mummy.
The mummy is lightly damaged.
Aiming: Throw Flame
Press: ? - help, Shift-Dir - straight line, f/p - mummy
Aim: a mummy (lightly damaged, 85% to hit)
The puff of flame hits the mummy!
The mummy is burned terribly!
The mummy is moderately damaged.
Aiming: Throw Flame
Press: ? - help, Shift-Dir - straight line, p - mummy The puff of flame hits the mummy!
The mummy is burned terribly!
The mummy is severely damaged.
Aiming: Throw Flame
Press: ? - help, Shift-Dir - straight line The puff of flame hits the mummy!
The mummy is burned terribly!
You destroy the mummy!
Trog accepts your kill.
Your Armour skill increases to level 5!
You barely miss the mummy. The mummy hits you! The mummy hits you.
Your ring mail prevents you from hitting the mummy.
You barely miss the mummy. The mummy hits you but does no damage.
The mummy closely misses you.
You sock the mummy!
The mummy is heavily damaged.
The mummy hits you!
* * * LOW HITPOINT WARNING * * *
The mummy hits you!
You die...

#######
#.#.#.#
#.....#
#.MM#
#.@.#
#...#
#.∩.#
#...#
##+##


You could see 2 mummies.

Vanquished Creatures
  Eustachio (D:4)
  A black bear (D:4)
  A necrophage (D:4)
  An ogre (D:4)
  A kobold brigand (D:4)
  Jessica (D:2)
  Natasha (D:4)
  A mummy (Ossuary)
  An adder (D:2)
  A shadow imp (D:3)
  An adder skeleton (D:2)
  2 worms (D:3)
  2 dart slugs
  An orc (D:4)
  6 endoplasms
  A giant cockroach (D:1)
  5 goblins
  2 hobgoblins (D:1)
  4 jackals (D:4)
  A quokka (D:1)
  6 ball pythons
  5 bats
  5 frilled lizards
  5 kobolds
  8 rats
64 creatures vanquished.

Notes
Turn   | Place    | Note
-------+----------+-------------------------------------------
     0 | D:1      | Borgoz the Gargoyle Berserker began the quest for the Orb.
     0 | D:1      | Reached XP level 1. HP: 14/14 MP: 1/1
   164 | D:1      | Reached XP level 2. HP: 17/19 MP: 2/2
   601 | D:1      | Reached XP level 3. HP: 23/23 MP: 3/3
   679 | D:1      | Reached ** piety under Trog
  1261 | D:2      | Noticed Jessica
  1267 | D:2      | Killed Jessica
  1268 | D:2      | Reached XP level 4. HP: 29/29 MP: 4/4
  3133 | D:4      | Noticed Eustachio
  3145 | D:4      | Killed Eustachio
  3146 | D:4      | Reached XP level 5. HP: 34/34 MP: 5/5
  3146 | D:4      | Reached XP level 6. HP: 39/39 MP: 6/6
  3186 | D:4      | Noticed a necrophage
  3203 | D:4      | Killed a necrophage
  3222 | D:4      | Noticed a black bear
  3230 | D:4      | Killed a black bear
  3231 | D:4      | Reached skill level 5 in Fighting
  3309 | D:4      | Reached XP level 7. HP: 44/44 MP: 7/7
  3332 | D:4      | Noticed Natasha
  3341 | D:4      | Killed Natasha
  3349 | D:4      | Reached skill level 5 in Maces & Flails
  3360 | D:4      | Found a staircase to the Ecumenical Temple.
  3420 | D:4      | Found a sand-covered staircase.
  3424 | Ossuary  | Entered an ossuary
  3429 | Ossuary  | Reached skill level 5 in Armour
  3432 | Ossuary  | Slain by a mummy

Illustrated notes

Levels and vault maps discovered:
D:1:      eino_arrival_cavern_a, layout_rooms
D:2:      layout_basic, uniq_jessica
D:3:      layout_loops_corners, minmay_door_square, kennysheep_crisscross
D:4:      layout_loops_ring, minmay_temple_entry_large_hall, enter_ossuary_5,
          uniq_crazy_yiuf_cottage, uniq_natasha, uniq_eustachio
Ossuary:  ossuary_minmay_chase

Skill      XL: |  1  2  3  4  5  6  7 |
---------------+----------------------+-----
Armour         | 3 4 5 |  5.0
Dodging        | 2 |  2.9
Fighting       | 4 5 |  5.6
Maces & Flails | 4 5 |  5.1

Action                   |  1- 3 |  4- 6 |  7- 9 || total
-------------------------+-------+-------+-------++-------
Melee: Mace              |    80 |    82 |    20 ||   182
Invok: Berserk           |     1 |     4 |     1 ||     6
       Trog's Hand       |       |     1 |     2 ||     3
Evoke: Wand              |       |       |     4 ||     4
  Use: Scroll            |       |     4 |       ||     4
 Stab: Sleeping          |     1 |       |       ||     1
Armor: Animal skin       |    30 |    35 |       ||    65
       Ring mail         |       |       |     8 ||     8
Dodge: Dodged            |    69 |    48 |    11 ||   128
